General information
- name: BNet
- type: Ladder team game (AT/RT)
- host: Battle.net
- saver: Chrambus
map: BloodstoneMesa
- players: 6
- length: 05:34
- speed: Fast
- version: 1.26 W3XP
- replay type: Public
» download(26 KB)
Players
team 1 (winner)

»
trylIom (
red | 57 APM | 316 actions | 05:34)
2 Death Knight
1 Death Coil
1 Unholy Aura
» actions
| Assign group hotkey | 16 | |
| Basic commands | 38 | |
| Build / train | 24 | |
| Enter build submenu | 9 | |
| Enter hero's abilities submenu | 2 | |
| Give item / drop item | 1 | |
| Right click | 52 | |
| Select / deselect | 80 | |
| Select group hotkey | 59 | |
| Use ability | 35 | |
316 total
» units
| Acolyte | 5 | |
| Ghoul | 2 | |
| Crypt Fiend | 5 | |
12 total
» upgrades
» buildings
| Graveyard | 1 | |
| Crypt | 1 | |
| Altar of Darkness | 1 | |
| Ziggurat | 3 | |
| Tomb of Relics | 1 | |
| Nerubian Tower | 1 | |
| Halls of the Dead | 1 | |
9 total
» build order
00:14 Graveyard
00:16 Crypt
00:42 Altar of Darkness
00:46 Ziggurat
01:02 Ziggurat
01:14 Tomb of Relics
01:40 Nerubian Tower
03:19 Halls of the Dead
03:43 Ziggurat
» items
| Rod of Necromancy | 2 | |
| Dust of Appearance | 1 | |
3 total
Gamoornki (
pink | 39 APM | 216 actions | 05:34)
3 Death Knight
1 Death Coil
1 Unholy Aura
1 Death Pact
» actions
| Assign group hotkey | 1 | |
| Build / train | 21 | |
| Enter build submenu | 9 | |
| Enter hero's abilities submenu | 3 | |
| Right click | 95 | |
| Select / deselect | 70 | |
| Use ability | 17 | |
216 total
» units
| Acolyte | 2 | |
| Ghoul | 2 | |
| Crypt Fiend | 7 | |
11 total
» upgrades
| Creature Carapace | 1 | |
| Creature Attack | 1 | |
2 total
» buildings
| Graveyard | 1 | |
| Crypt | 2 | |
| Ziggurat | 4 | |
| Altar of Darkness | 1 | |
| Tomb of Relics | 1 | |
| Nerubian Tower | 1 | |
| Halls of the Dead | 1 | |
| Spirit Tower | 1 | |
12 total
» build order
00:36 Graveyard
00:42 Crypt
00:46 Ziggurat
00:52 Altar of Darkness
00:57 Tomb of Relics
01:02 Ziggurat
01:10 Crypt
01:42 Nerubian Tower
01:52 Ziggurat
03:13 Halls of the Dead
04:21 Ziggurat
04:27 Spirit Tower
» items
abysss (
purple | 17 APM | 95 actions | 05:34)
1 Paladin
1 Divine Shield
» actions
| Build / train | 11 | |
| Enter build submenu | 5 | |
| Enter hero's abilities submenu | 1 | |
| Right click | 39 | |
| Select / deselect | 35 | |
| Use ability | 4 | |
95 total
» units
» buildings
| Altar of Kings | 1 | |
| Farm | 2 | |
| Lumber Mill | 1 | |
| Keep | 1 | |
5 total
» build order
01:22 Altar of Kings
01:53 Farm
03:40 Lumber Mill
04:25 Farm
05:30 Keep
team 2 (loser)

»
hubba_bubba (
orange | 27 APM | 152 actions | 05:34)
2 Pandaren Brewmaster
1 Drunken Haze
1 Breath of Fire
» actions
| Basic commands | 7 | |
| Build / train | 17 | |
| Enter build submenu | 7 | |
| Enter hero's abilities submenu | 2 | |
| Remove unit from queue | 1 | |
| Right click | 59 | |
| Select / deselect | 48 | |
| Use ability | 11 | |
152 total
» units
» buildings
| Altar of Storms | 1 | |
| Orc Burrow | 3 | |
| Barracks | 1 | |
| Voodoo Lounge | 1 | |
| Stronghold | 1 | |
| War Mill | 1 | |
8 total
» build order
00:17 Altar of Storms
00:26 Orc Burrow
00:47 Barracks
01:51 Orc Burrow
01:58 Voodoo Lounge
02:34 Orc Burrow
04:17 Stronghold
04:22 War Mill
TKBEATDOWN (
teal | 110 APM | 568 actions | 05:10)
1 Keeper of the Grove
1 Force of Nature
» actions
| Assign group hotkey | 8 | |
| Basic commands | 9 | |
| Build / train | 20 | |
| Enter build submenu | 11 | |
| Enter hero's abilities submenu | 1 | |
| Right click | 124 | |
| Select / deselect | 77 | |
| Select group hotkey | 302 | |
| Use ability | 16 | |
568 total
» units
» buildings
| Altar of Elders | 1 | |
| Moon Well | 3 | |
| Ancient of War | 1 | |
| Ancient of Wonders | 1 | |
| Hunter's Hall | 1 | |
| Tree of Ages | 1 | |
| Ancient Protector | 3 | |
11 total
» build order
00:06 Altar of Elders
00:12 Moon Well
00:27 Ancient of War
01:40 Moon Well
02:00 Ancient of Wonders
02:30 Hunter's Hall
03:33 Tree of Ages
04:26 Moon Well
04:53 Ancient Protector
04:55 Ancient Protector
04:57 Ancient Protector
» items
Chrambus (
yellow | 46 APM | 257 actions | 05:34)
1 Archmage
1 Blizzard
» actions
| Assign group hotkey | 1 | |
| Basic commands | 21 | |
| Build / train | 20 | |
| ESC pressed | 1 | |
| Enter build submenu | 11 | |
| Enter hero's abilities submenu | 1 | |
| Remove unit from queue | 1 | |
| Right click | 72 | |
| Select / deselect | 49 | |
| Select group hotkey | 67 | |
| Use ability | 13 | |
257 total
» units
» upgrades
» buildings
| Altar of Kings | 1 | |
| Farm | 3 | |
| Arcane Vault | 1 | |
| Scout Tower | 5 | |
| Lumber Mill | 1 | |
| Arcane Tower | 1 | |
| Keep | 1 | |
| Guard Tower | 2 | |
15 total
» build order
00:28 Altar of Kings
00:41 Farm
00:42 Farm
01:14 Arcane Vault
01:43 Scout Tower
01:53 Lumber Mill
02:20 Arcane Tower
02:49 Scout Tower
03:09 Keep
03:28 Guard Tower
03:30 Scout Tower
03:31 Scout Tower
03:33 Farm
04:35 Scout Tower
04:36 Guard Tower
Chat log
(00:14 / Allies) TKBEATDOWN: hunts to air
(00:18 / Allies) TKBEATDOWN: i cc alone, or tk
(00:48 / All) Chrambus: they call me the wild nabber
(00:59 / All) Chrambus: I live to nab
(00:59 / Allies) TKBEATDOWN: i dont give two fucks what they call u
(01:24 / All) Chrambus: Watch your back lest ye get nabbed
(02:09 / All) Chrambus: I nab from near and afar
(02:15 / Allies) TKBEATDOWN: shut the fuck up
(02:33 / All) Chrambus: And none shall know who next will be nabbed
(02:50 / Allies) TKBEATDOWN: fuck off
(02:52 / Allies) TKBEATDOWN: i cc alone u cunt
(03:21 / All) Chrambus: Dare ye contend with a nabber true?
(03:55 / Allies) TKBEATDOWN: FUCK OFF CUNT
(04:28 / All) Chrambus: This is what we in the business call a nabbing
(05:08 / Allies) TKBEATDOWN: go get fuck u fuck nut asian cunt